 Dungeon Crawl Stone Soup version 0.30-a0-782-ge64f9170bb (webtiles) character file.

Game seed: 15261831957978406095

2324027 mopl the Ice Dragon (level 26, 244/244 HPs)
             Began as a Grey Draconian Ice Elementalist on Mar 3, 2023.
             Was the Champion of Vehumet.
             Escaped with the Orb
             ... and 4 runes on Mar 4, 2023!
             The game lasted 03:40:53 (70020 turns).

mopl the Ice Dragon (DrIE)                         Turns: 70020, Time: 03:40:53

Health: 244/244    AC: 24    Str: 10      XL:     26   Next: 86%
Magic:  55/55      EV: 23    Int: 25      God:    Vehumet [******]
Gold:   8515       SH: 26    Dex: 22 (23) Spells: 11/63 levels left

rFire   + + .      SeeInvis +    a - +9 demon trident (vamp)
rCold   + + .      Faith    .    M - +3 tower shield {rC+}
rNeg    + + +      Spirit   .    (body armour unavailable)
rPois   +          Reflect  .    g - -2 hat of the Alchemist {rElec rPois rF+ rC+ rN+ Will+ rMut rCorr}
rElec   +          Harm     .    Z - +2 cloak {rPois}
rCorr   +          Rampage  +    W - +2 pair of gloves {Dex+3}
rMut    +                        K - +2 pair of boots {rampage}
Will    ++...                    c - amulet "Opnoner" {RegenMP Fly Regen+}
Stlth   +                        d - ring "Baughegg" {rN+ MP+9 SInv}
HPRegen 2.20/turn                Q - ring "Ibazeh" {rF+ rN+ Dex+3}
MPRegen 0.74/turn

@: flying, studying Axes
A: AC +17, amphibious, unfitting armour, cold-blooded, agile 1, regeneration 1,
evolution 1
0: Orb of Zot
}: 4/15 runes: barnacled, slimy, silver, gossamer
a: Renounce Religion


You escaped.
You worshipped Vehumet.
Vehumet was exalted by your worship.
You visited 12 branches of the dungeon, and saw 56 of its levels.
You visited the Abyss 1 time.
You also visited: Trove, Sewer, Ice Cave, Volcano and Wizlab.

You collected 10593 gold pieces.
You spent 2078 gold pieces at shops.

Inventory:

Hand Weapons
 a - a +9 vampiric demon trident (weapon)
Missiles
 b - 2 atropa-tipped darts
 A - 6 curare-tipped darts
 B - 12 boomerangs of dispersal
 N - 9 throwing nets
Armour
 g - the -2 hat of the Alchemist (worn) {rElec rPois rF+ rC+ rN+ Will+ rMut rCorr}
   (You found it in a wizard's laboratory)

   rF:        It protects you from fire.
   rC:        It protects you from cold.
   rElec:     It insulates you from electricity.
   rPois:     It protects you from poison.
   rN:        It protects you from negative energy.
   rCorr:     It protects you from acid and corrosion.
   rMut:      It protects you from mutation.
   Will:      It increases your willpower.
 K - a +2 pair of boots of rampaging (worn)
 M - a +3 tower shield of cold resistance (worn)
 W - a +2 pair of gloves of dexterity (worn)
 Z - a +2 cloak of poison resistance (worn)
Jewellery
 c - the amulet "Opnoner" (around neck) {RegenMP Fly Regen+}
   (You acquired it on level 4 of the Lair of Beasts)

   [amulet of magic regeneration]

   It increases your rate of magic regeneration.
   Fly:       It grants you flight.
   Regen:     It increases your rate of health regeneration.
 d - the ring "Baughegg" (left hand) {rN+ MP+9 SInv}
   (You bought it in a shop on level 2 of the Orcish Mines)

   [ring of magical power]

   rN:        It protects you from negative energy.
   MP:        It affects your magic capacity (+9).
   SInv:      It lets you see invisible.
 u - the ring of Uzeus {+Blink rF+ Int+2}
   (You found it in a treasure trove)

   [ring of protection from fire]

   Int:       It affects your intelligence (+2).
   rF:        It protects you from fire.
   +Blink:    It lets you blink.
 Q - the ring "Ibazeh" (right hand) {rF+ rN+ Dex+3}
   (You took it off a deep elf death mage on level 3 of the Elven Halls)

   [ring of positive energy]

   Dex:       It affects your dexterity (+3).
   rF:        It protects you from fire.
   rN:        It protects you from negative energy.
Wands
 h - a wand of digging (41)
 p - a wand of flame (103)
 q - a wand of light (20)
 s - a wand of mindburst (29)
 v - a wand of polymorph (18)
 y - a wand of roots (13)
 X - a wand of charming (18)
Scrolls
 f - 9 scrolls of vulnerability
 i - 16 scrolls of teleportation
 j - 7 scrolls of immolation
 m - 16 scrolls of poison
 r - 12 scrolls of blinking
 w - a scroll of silence {!r}
 x - 13 scrolls of magic mapping
 C - 9 scrolls of fog
 E - 6 scrolls of summoning
 H - 9 scrolls of fear
 I - 7 scrolls of enchant weapon
 J - 3 scrolls of amnesia
Potions
 e - 5 potions of resistance
 k - 16 potions of brilliance
 n - 2 potions of berserk rage {!q}
 t - 11 potions of lignification {!q}
 z - 21 potions of heal wounds
 D - 4 potions of might
 L - 5 potions of invisibility
 O - 7 potions of haste
 P - 11 potions of ambrosia
 R - 18 potions of mutation {!q}
 S - 2 potions of cancellation
 U - 25 potions of curing
 V - 6 potions of magic
Miscellaneous
 l - a condenser vane
 o - a box of beasts
 F - a tin of tremorstones (2/2)
 G - a phial of floods
 T - a lightning rod (4/4)
 Y - a phantom mirror


   Skills:
 + Level 21.4 Fighting
 - Level 14.0 Polearms
 + Level 15.4 Dodging
 - Level 1.7 Stealth
 + Level 18.4 Shields
 + Level 19.3 Spellcasting
 - Level 6.0 Conjurations
 - Level 10.0 Necromancy
 O Level 27 Ice Magic
 + Level 11.1 Earth Magic
 + Level 15.5 Evocations


You had 11 spell levels left.
You knew the following spells:

 Your Spells              Type           Power      Damage    Failure   Level
a - Borgnjor's Vile Clut  Necr/Erth      33%        N/A       1%          5
b - Frozen Ramparts       Ice            100%       1d16      0%          3
c - Freezing Cloud        Conj/Ice/Air   34%        6-21      1%          5
d - Polar Vortex          Ice            51%        N/A       2%          9
e - Apportation           Tloc           48%        N/A       4%          1
f - Vampiric Draining     Necr           65%        2d10      1%          3
g - Metabolic Englaciati  Hex/Ice        37%        N/A       1%          5
h - Simulacrum            Ice/Necr       43%        N/A       1%          6
k - Lee's Rapid Deconstr  Erth           34%        3d17*     1%          5
o - Ozocubu's Refrigerat  Ice            51%        4d18      1%          7
s - Ozocubu's Armour      Ice            100%       N/A       0%          3

Your spell library contained the following spells:

 Spells                   Type           Power      Damage    Failure   Level
 Fire Storm               Conj/Fire      19%        8d5       100%        9
 Freeze                   Ice            100%       1d10      0%          1
 Foxfire                  Conj/Fire      100%       2x1d9     1%          1
 Magic Dart               Conj           100%       1d8       1%          1
 Necrotise                Necr           100%       1d9       1%          1
 Sandblast                Erth           100%       2d20      1%          1
 Momentum Strike          Conj/Tloc      78%        3d10      1%          2
 Sublimation of Blood     Necr           65%        N/A       1%          2
 Dazzling Flash           Conj/Hex       78%        N/A       1%          3
 Mephitic Cloud           Conj/Pois/Air  34%        N/A       1%          3
 Stone Arrow              Conj/Erth      100%       3d13      1%          3
 Animate Dead             Necr           65%        N/A       1%          4
 Summon Ice Beast         Ice/Summ       75%        N/A       1%          4
 Agony                    Necr           65%        N/A       2%          5
 Beastly Appendage        Tmut           48%        N/A       4%          1
 Slow                     Hex            96%        N/A       4%          1
 Sting                    Tmut/Pois      96%        1d7       4%          1
 Summon Small Mammal      Summ           96%        N/A       4%          1
 Ignite Poison            Fire/Tmut/Pois 24%        N/A       4%          3
 Inner Flame              Hex/Fire       24%        N/A       4%          3
 Kindle Blastsparks       Fire/Tloc/Air  48%        2d14      4%          3
 Fulminant Prism          Conj/Hex       19%        3d11      4%          4
 Iskenderun's Mystic Bla  Conj/Tloc      39%        2d9       4%          4
 Petrify                  Tmut/Erth      51%        N/A       4%          4
 Anguish                  Hex/Necr       24%        N/A       6%          4
 Call Imp                 Summ           24%        N/A       7%          2
 Lesser Beckoning         Tloc           48%        N/A       7%          2
 Wereblood                Tmut           24%        N/A       7%          2
 Arcjolt                  Conj/Air       19%        1d29      11%         5
 Fireball                 Conj/Fire      19%        3d9       11%         5
 Irradiate                Conj/Tmut      19%        3d18      11%         5
 Lightning Bolt           Conj/Air       19%        1d34      11%         5
 Death Channel            Necr           32%        N/A       12%         6
 Airstrike                Air            12%        2d(2-18)  13%         4
 Olgreb's Toxic Radiance  Pois           24%        N/A       13%         4
 Call Canine Familiar     Summ           24%        N/A       14%         3
 Confusing Touch          Hex            24%        N/A       14%         3
 Gell's Gravitas          Tloc           24%        N/A       14%         3
 Portal Projectile        Hex/Tloc       48%        N/A       14%         3
 Summon Guardian Golem    Hex/Summ       24%        N/A       14%         3
 Teleport Other           Tloc           24%        N/A       14%         3
 Tukima's Dance           Hex            24%        N/A       14%         3
 Vhi's Electric Charge    Tloc/Air       48%        N/A       14%         3
 Cause Fear               Hex            12%        N/A       43%         4
 Manifold Assault         Tloc           24%        N/A       43%         4
 Passage of Golubria      Tloc           24%        N/A       43%         4
 Summon Lightning Spire   Summ/Air       24%        N/A       43%         4
 Conjure Ball Lightning   Conj/Air       19%        3x3d6     45%         6
 Starburst                Conj/Fire      19%        6d7       45%         6
 Statue Form              Tmut/Erth      34%        N/A       58%         6
 Alistair's Intoxication  Tmut/Pois      16%        N/A       78%         5
 Blade Hands              Tmut           12%        N/A       78%         5
 Silence                  Hex/Air        12%        N/A       78%         5
 Summon Forest            Summ/Tloc      12%        N/A       78%         5
 Summon Mana Viper        Hex/Summ       24%        N/A       78%         5
 Eringya's Noxious Bog    Tmut/Pois      12%        N/A       83%         6
 Lehudib's Crystal Spear  Conj/Erth      30%        10d8      89%         8
 Haunt                    Necr/Summ      24%        N/A       99%         7
 Borgnjor's Revivificati  Necr           32%        N/A       99%         8
 Infestation              Necr           32%        N/A       99%         8
 Dispersal                Tloc           12%        N/A       100%        6
 Summon Cactus Giant      Summ           12%        N/A       100%        6
 Dragon Form              Tmut           12%        N/A       100%        7
 Malign Gateway           Summ/Tloc      12%        N/A       100%        7
 Discord                  Hex            12%        N/A       100%        8
 Disjunction              Tloc           12%        N/A       100%        8
 Ignition                 Fire           12%        3d6       100%        8
 Maxwell's Capacitive Co  Air            12%        ∞         100%        8
 Necromutation            Tmut/Necr      24%        N/A       100%        8
 Summon Horrible Things   Summ           12%        N/A       100%        8
 Death's Door             Necr           32%        N/A       100%        9
 Dragon's Call            Summ           12%        N/A       100%        9


Dungeon Overview and Level Annotations

Branches:
Dungeon (15/15)            Temple (1/1) D:7            Lair (5/5) D:11
 Shoals (4/4) Lair:3       Spider (4/4) Lair:2        Slime (5/5) Lair:5
    Orc (2/2) D:12            Elf (3/3) Orc:2        Vaults (5/5) D:14
  Crypt (3/3) Vaults:3       Tomb (0/3) Crypt:3      Depths (4/4) D:15
    Zot (5/5) Depths:4      Sewer (visited)           IceCv (visited)
Volcano (visited)          WizLab (visited)

Altars:
Ashenzari
Cheibriados
Dithmenos
Elyvilon
Fedhas
Gozag
Hepliaklqana
Kikubaaqudgha
Makhleb
Nemelex Xobeh
Okawaru
Qazlal
Ru
Sif Muna
Trog
Uskayaw
Vehumet
Wu Jian
Xom
Yredelemnul
Zin
The Shining One
Jiyva

Shops:
D:8 !   D:12 ?   Orc:2 !?(=(   Elf:1 *   Vaults:3 *   Vaults:4 ?   Vaults:5 !

Portals:
Hell: Depths:1 Depths:2 Depths:3 Depths:4
Abyss: Depths:3
Pandemonium: Depths:2
Ziggurat: Depths:2

Annotations:
Spider:4 Arachne
Elf:2 2 runed translucent doors
Zot:1 3 runed translucent doors, FlatIsJustice's ghost, legendary TeAE; surr's ghost, master HOFE


Innate Abilities, Weirdness & Mutations

Your dull iron-grey scales are very hard. (AC +17)
You are amphibious.
You cannot fit into any form of body armour.
You are cold-blooded and may be slowed by cold attacks.
You are agile. (Dex +4, Str/Int -1)
Your natural rate of healing is unusually fast.
You have hidden genetic potential.


Message History

There is a staircase leading out of the dungeon here.
You start removing your armour.
You continue taking off the -2 hat of the Alchemist {rElec rPois rF+ rC+ rN+ Will+ rMut rCorr}. x4
You finish taking off the -2 hat of the Alchemist {rElec rPois rF+ rC+ rN+ Will+ rMut rCorr}.
Really quaff
R - 24 potions of mutation {!q}?
Really quaff the potion of mutation?
You feel extremely strange.
You feel healthier.
You no longer feel strong-willed.
You feel genetically unstable.
Really quaff
R - 23 potions of mutation {!q}?
Really quaff the potion of mutation?
You feel extremely strange.
You feel clumsy.
You feel genetically unstable.
You feel the urge to shout.
Your toenails lengthen and sharpen.
Really quaff
R - 22 potions of mutation {!q}?
Really quaff the potion of mutation?
You feel extremely strange.
Your talons dull and shrink into feet.
Your urge to shout disappears.
Your fingernails lengthen.
You feel more energetic.
Really quaff
R - 21 potions of mutation {!q}?
Really quaff the potion of mutation?
You feel extremely strange.
Your fingernails shrink to normal size.
You feel less energetic.
You occasionally lose the ability to drink potions when taking damage.
Really quaff
R - 20 potions of mutation {!q}?
Really quaff the potion of mutation?
You feel extremely strange.
You no longer become unable to drink potions after taking damage.
Your wings grow larger and stronger.
Really quaff
R - 19 potions of mutation {!q}?
Really quaff the potion of mutation?
You feel extremely strange.
Your wings shrivel and weaken.
You begin to heal more quickly.
You feel agile.
You feel a hidden potential growing inside you.
Okay, then.
You start putting on your armour.
You continue putting on the -2 hat of the Alchemist {rElec rPois rF+ rC+ rN+ Will+ rMut rCorr}. x4
You finish putting on the -2 hat of the Alchemist {rElec rPois rF+ rC+ rN+ Will+ rMut rCorr}.
Unknown command.
You have escaped!

##########.#.........# #.#
##.........#.........# #.#
##.........#.......#.# #.#
''.........#.#####.#.# #.#
##.........#.........# #.#
##.#######.###################.#
##.#######........>............#
##.......########.##.###########
####.....# #.@..#.# .........#
#....#.# ########## ##'#'##.#
.†...# #######..#....#
####.###...##..##....#
#.#.....†...##....##
#.#........###.....#
####.##.....### #...#.#
.....######## #...#.#


There were no monsters in sight!

Vanquished Creatures
  the Royal Jelly (Slime:5)
  4 dread liches
  6 orbs of fire
  4 ancient liches
  3 juggernauts
  Boris (Depths:3)
  A pandemonium lord (D:11)
  Vv (Depths:4)
  Bai Suzhen (Shoals:3)
  The ghost of Siwul the Eclecticist, a veteran DjCj of Ashenzari (Elf:1)
  4 Killer Klowns
  Saint Roka (Vaults:1)
  Margery (Vaults:5)
  2 caustic shrikes (Depths:3)
  Nikola (Elf:1)
  10 golden dragons
  A mutant beast (WizLab)
  A bone dragon (Depths:4)
  A Tzitzimitl (D:8)
  2 electric golems (Zot:5)
  3 Brimstone Fiends
  Zenata (Elf:1)
  7 tentacled monstrosities
  A shard shrike skeleton (Crypt:2)
  Jorgrun (D:13)
  25 Orb Guardians
  5 liches
  3 Ice Fiends
  5 quicksilver dragons
  16 acid blobs
  10 titans
  Asterion (Spider:3)
  A walking divine tome (Depths:3)
  7 deep elf blademasters
  2 deep elf master archers (Elf:3)
  7 ancient champions
  A walking frostbound tome (Depths:3)
  Gastronok (Lair:2)
  A death cob (Zot:1)
  Frances (D:13)
  3 sphinxes
  Roxanne (Elf:1)
  7 tengu reavers
  6 shadow dragons
  2 revenants (Crypt:2)
  4 draconian monks
  Kirke (D:15)
  12 storm dragons
  A nargun (Depths:2)
  9 fire giants
  3 draconian scorchers
  12 vault wardens
  13 rockslimes
  5 azure jellies (Slime:5)
  9 draconian knights
  An emperor scorpion (shapeshifter) (Depths:2)
  Louise (D:15)
  An iron dragon (Vaults:5)
  7 deep elf sorcerers
  6 emperor scorpions
  7 frost giants
  4 draconian shifters
  3 orc warlords
  A balrug (Depths:2)
  4 cacodemons
  Aizul (Vaults:1)
  4 ghost moths (Spider:4)
  3 spriggan defenders
  4 draconian stormcallers
  2 deep elf elementalists (Elf:3)
  11 draconian annihilators
  6 ghouls
  7 curse skulls
  3 reapers
  6 quicksilver oozes
  36 very ugly things
  27 ironbound preservers
  A war gargoyle (Vaults:1)
  3 juggernaut skeletons (Depths:1)
  8 vampire knights
  11 stone giants
  A demonspawn corrupter (Zot:3)
  A caustic shrike skeleton (Crypt:1)
  7 ironbound thunderhulks
  13 green draconians
  5 deep elf demonologists
  A lorocyproca (D:11)
  8 white draconians
  A bunyip (shapeshifter) (Vaults:1)
  5 deep elf annihilators (Elf:3)
  12 purple draconians
  14 dire elephants
  14 black draconians
  2 spark wasps
  9 yellow draconians
  14 red draconians
  3 eidola (Crypt:2)
  2 green deaths
  A crystal guardian (Vaults:3)
  The ghost of caveywoolpert the Thaumaturge, a journeyman GrEE of Vehumet (D:12)
  An ettin (shapeshifter) (WizLab)
  6 fire dragons
  2 blizzard demons (Depths:2)
  7 merfolk impalers
  4 deep elf high priests
  7 jiangshi
  12 merfolk javelineers
  10 ettins
  17 yaktaur captains
  A rakshasa (Depths:3)
  14 deep elf death magi
  An entropy weaver (shapeshifter) (D:13)
  10 great orbs of eyes
  5 entropy weavers
  Fannar (D:11)
  5 hydras
  Harold (D:9)
  31 vault guards
  2 jorogumos
  5 ice dragons
  A peacekeeper (Vaults:3)
  4 spriggan air magi
  The ghost of Votaocegoa the Thaumaturge, a journeyman GnWn of Cheibriados (Lair:3)
  A hell beast (Depths:3)
  3 caustic shrike simulacra
  7 ironbound frosthearts
  6 radroaches
  7 merfolk aquamancers
  An anaconda (shapeshifter) (Elf:3)
  3 merfolk avatars
  Erica (D:8)
  2 ogre magi
  7 boulder beetles
  10 centaur warriors
  10 dancing weapons
  12 two-headed ogres
  8 tengu warriors
  2 deep troll earth magi
  4 deep troll shamans
  2 orc high priests (Vaults:4)
  11 vampire magi
  4 death yaks (Lair:2)
  2 satyrs
  6 spriggan berserkers
  Urug (D:11)
  A hell hog (Depths:4)
  7 soul eaters
  Nergalle (Orc:2)
  5 hell knights
  7 pharaoh ants
  9 deep elf knights
  2 shadow wraiths (Crypt:2)
  2 titan skeletons (Depths:1)
  7 iron trolls
  4 skysharks
  Lodul (D:13)
  3 sun moths
  51 deep trolls
  A sixfirhy (Depths:2)
  8 sea snakes
  A storm dragon skeleton (Crypt:3)
  10 flayed ghosts
  A deep troll (shapeshifter) (Vaults:3)
  2 obsidian statues
  6 spriggan simulacra
  12 orb spiders
  41 skeletal warriors
  A tengu zombie (Vaults:2)
  A steelbarb worm (shapeshifter) (WizLab)
  7 large abominations (WizLab)
  The ghost of soark the Cleaver, a novice DsCj of Vehumet (D:7)
  2 glowing orange brains
  2 shadow demons
  3 bog bodies
  11 deep elf archers
  8 phantasmal warriors
  5 necromancers
  3 orange crystal statues
  3 golden dragon skeletons (Depths:1)
  20 ironbound convokers
  2 steelbarb worms (Spider:2)
  A goliath frog zombie (Crypt:1)
  6 harpies
  22 deep elf zephyrmancers
  5 wizards
  Pikel (D:5)
  2 lindwurms (Vaults:1)
  7 orc knights
  48 ugly things
  A lindwurm (shapeshifter) (WizLab)
  9 orc sorcerers (Orc:2)
  A jorogumo zombie (Crypt:2)
  3 shining eyes
  18 deep elf pyromancers
  6 cyclopes
  A cyclops (shapeshifter) (Elf:2)
  9 fauns
  29 wolf spiders
  3 tengu skeletons (Depths:1)
  An elephant (shapeshifter) (Depths:1)
  38 moths of wrath
  10 elephants
  14 manticores
  5 spectral centaurs (D:12)
  10 water nymphs
  2 stone giant skeletons (Depths:1)
  2 frost giant skeletons (Depths:1)
  A black mamba (shapeshifter) (WizLab)
  A toenail golem (D:4)
  4 salamanders
  A merfolk siren (Shoals:4)
  A rust devil (Depths:2)
  Joseph (D:7)
  2 centaur zombies (D:12)
  2 eyes of devastation
  23 vault sentinels
  An orange demon (D:3)
  3 black mambas
  2 hellions
  7 demonic crawlers
  6 torpor snails
  2 gargoyles
  4 molten gargoyles (D:14)
  2 unseen horrors (shapeshifter) (WizLab)
  6 unseen horrors (Crypt:2)
  5 cane toads
  6 komodo dragons
  A cane toad (shapeshifter) (WizLab)
  A purple draconian zombie (Crypt:2)
  3 rime drakes
  5 kobold demonologists
  3 freezing wraiths
  A spark wasp simulacrum (Depths:2)
  7 tengu conjurers
  An efreet (Zot:2)
  A komodo dragon (shapeshifter) (WizLab)
  20 yaktaurs
  An elf (WizLab)
  10 ice devils
  2 golden dragon simulacra (Depths:2)
  An anaconda simulacrum (IceCv)
  5 guardian mummies (Crypt:3)
  A queen bee (shapeshifter) (WizLab)
  9 trolls
  A meliai (shapeshifter) (Depths:3)
  A catoblepas skeleton (Crypt:3)
  A hellwing (D:11)
  32 merfolk
  5 polar bears
  A hornet (shapeshifter) (WizLab)
  A shadow dragon simulacrum (Crypt:1)
  9 wind drakes
  A merfolk (shapeshifter) (WizLab)
  3 meliai (Spider:4)
  A polar bear (shapeshifter) (D:15)
  A wolf spider simulacrum (D:12)
  15 hornets
  17 tarantellas
  14 blink frogs
  A sphinx simulacrum (Depths:2)
  A culicivora zombie (Crypt:2)
  A raiju (shapeshifter) (WizLab)
  A wind drake (shapeshifter) (D:13)
  7 dream sheep
  64 slime creatures
  Prince Ribbit (D:7)
  10 snapping turtles
  16 culicivoras
  A dream sheep (shapeshifter) (WizLab)
  A guardian serpent skeleton (Crypt:3)
  A fire giant simulacrum (Vaults:2)
  A centaur simulacrum (D:12)
  26 flying skulls
  14 jumping spiders
  3 shadows
  A black mamba zombie (Crypt:1)
  28 water elementals
  8 air elementals
  A shapeshifter (WizLab)
  2 fire dragon skeletons
  20 spriggans
  2 humans (shapeshifter) (WizLab)
  4 spriggan skeletons (Depths:1)
  3 dire elephant simulacra (IceCv)
  2 humans
  An ettin skeleton (Depths:1)
  6 wyverns
  4 hogs
  4 fire bats
  A fire bat (shapeshifter) (WizLab)
  8 wraiths
  Eustachio (D:6)
  A basilisk (shapeshifter) (WizLab)
  25 fire elementals
  A tyrant leech zombie (Crypt:3)
  20 yaks
  3 yaks (shapeshifter)
  5 golden eyes (D:3)
  4 steam dragons
  9 minotaur simulacra (IceCv)
  56 redbacks
  2 chaos spawn
  A golden eye (shapeshifter) (WizLab)
  An iron golem (WizLab)
  9 basilisks
  A vampire mosquito (D:13)
  A harpy simulacrum (IceCv)
  2 wargs (Orc:1)
  A cane toad zombie (Crypt:3)
  4 acid dragons
  10 water moccasins
  5 floating eyes
  5 hell hounds
  4 hydra simulacra
  A glowing shapeshifter skeleton (Depths:1)
  21 orc warriors
  A human skeleton (Depths:1)
  A nameless horror (D:15)
  2 sky beasts (D:7)
  A black bear (shapeshifter) (WizLab)
  5 black bears
  17 ogres
  3 boggarts (Lair:5)
  18 wolves
  A dream sheep zombie (Crypt:2)
  A boggart (shapeshifter) (WizLab)
  6 small abominations (WizLab)
  7 centaurs
  2 lemures (D:5)
  11 kobold brigands
  6 deep troll simulacra (IceCv)
  3 necrophages
  A salamander zombie (Crypt:1)
  16 bullfrogs
  A fire crab zombie (Crypt:1)
  4 earth elementals
  2 scorpions (D:5)
  An elf skeleton (Crypt:3)
  2 gnoll sergeants (D:7)
  A salamander skeleton (Crypt:3)
  5 wights (D:8)
  21 killer bees
  2 lindwurm simulacra (IceCv)
  5 howler monkeys
  A human simulacrum (Vaults:2)
  2 hounds
  4 jellies
  17 orc priests
  A boggart zombie (Crypt:2)
  An iguana (D:4)
  A black bear skeleton (Crypt:1)
  27 orc wizards
  A hound skeleton (Crypt:3)
  7 mummies (Crypt:3)
  7 adders
  7 gnolls (D:7)
  3 river rats (Sewer)
  2 white imps
  2 ufetubi
  An adder zombie (Crypt:1)
  A lava snake skeleton (Crypt:1)
  An iguana skeleton (Crypt:1)
  5 worms
  A dart slug (D:1)
  65 orcs
  6 ball pythons
  4 bats
  12 endoplasms
  An endoplasm (shapeshifter) (Vaults:5)
  8 giant cockroaches
  5 goblins
  6 hobgoblins
  8 jackals
  22 kobolds
  5 quokkas
  An endoplasm zombie (Crypt:2)
  4 frilled lizards
  An orc zombie (Crypt:1)
  15 rats
2372 creatures vanquished.

Vanquished Creatures (collateral kills)
  Agnes (D:14)
  A hydra (Lair:4)
  A radroach (Spider:1)
  2 dancing weapons (Elf:1)
  A spriggan simulacrum (IceCv)
  A deep elf pyromancer (Elf:2)
  A black mamba (Lair:5)
  4 cane toads
  An ice devil (IceCv)
  A rime drake (Lair:4)
  A tengu conjurer (D:11)
  A slime creature (D:13)
  A spriggan (Lair:5)
  A redback (Spider:1)
  An orc warrior (Vaults:1)
  A boggart (Lair:5)
  A kobold brigand (D:11)
  A deep troll simulacrum (IceCv)
  A lindwurm simulacrum (IceCv)
  2 jellies (Lair:5)
  An orc wizard (Vaults:1)
  An orc (Vaults:1)
27 creatures vanquished.

Vanquished Creatures (others)
  A tentacled monstrosity (Zot:4)
  A white draconian (Zot:1)
  An ice dragon (Depths:3)
  Erolcha (D:13)
  An alligator snapping turtle (Shoals:4)
  A dancing weapon (Elf:1)
  2 two-headed ogres (Volcano)
  A deep elf archer (Elf:1)
  2 freezing wraiths (Elf:2)
  An anaconda simulacrum (IceCv)
  A human (D:15)
  A wyvern (D:11)
  A deep troll simulacrum (IceCv)
  A howler monkey (D:11)
  An orc wizard (Orc:2)
  12 fungi
  176 plants
205 creatures vanquished.

Grand Total: 2604 creatures vanquished

Notes
Turn   | Place    | Note
-------+----------+-------------------------------------------
     0 | D:1      | mopl the Draconian Ice Elementalist began the quest for the
                  | Orb.
     0 | D:1      | Reached XP level 1. HP: 14/14 MP: 3/3
   119 | D:1      | Reached XP level 2. HP: 16/20 MP: 3/5
   488 | D:1      | Reached XP level 3. HP: 26/26 MP: 7/7
   955 | D:2      | Learned a level 3 spell: Frozen Ramparts
   959 | D:2      | Learned a level 3 spell: Ozocubu's Armour
  1012 | D:2      | Reached skill level 3 in Spellcasting
  1132 | D:2      | Noticed a necrophage
  1151 | D:2      | Killed a necrophage
  1152 | D:2      | Reached skill level 5 in Ice Magic
  1152 | D:2      | Reached XP level 4. HP: 12/33 MP: 1/9
  1607 | D:3      | Reached XP level 5. HP: 38/38 MP: 10/10
  1827 | D:3      | Found a shadowy altar of Dithmenos.
  1927 | D:3      | Reached skill level 4 in Spellcasting
  2336 | D:4      | Noticed an ogre
  2346 | D:4      | Killed an ogre
  2347 | D:4      | Reached skill level 6 in Ice Magic
  2347 | D:4      | Reached XP level 6. HP: 45/45 MP: 12/12
  2359 | D:4      | Found a glowing drain.
  2393 | Sewer    | Entered a sewer
  2472 | Sewer    | Reached skill level 5 in Spellcasting
  2492 | Sewer    | Your scales start taking on a dull iron-grey colour.
  2492 | Sewer    | Reached XP level 7. HP: 47/50 MP: 14/14
  2668 | Sewer    | Reached skill level 7 in Ice Magic
  2905 | D:4      | Found a shimmering blue altar of Sif Muna.
  3341 | D:4      | Learned a level 4 spell: Summon Ice Beast
  3379 | D:5      | Entered Level 5 of the Dungeon
  3396 | D:5      | Found a hide-covered altar of Uskayaw.
  3640 | D:5      | Noticed Pikel
  3653 | D:5      | Killed Pikel
  3654 | D:5      | Reached skill level 6 in Spellcasting
  3654 | D:5      | Reached skill level 8 in Ice Magic
  3654 | D:5      | Reached XP level 8. HP: 45/57 MP: 16/18
  3730 | D:5      | Reached skill level 7 in Spellcasting
  4123 | D:6      | Reached skill level 9 in Ice Magic
  4389 | D:6      | Noticed Eustachio
  4401 | D:6      | Killed Eustachio
  4402 | D:6      | Reached XP level 9. HP: 58/62 MP: 20/20
  4487 | D:6      | Reached skill level 8 in Spellcasting
  5220 | D:7      | Reached skill level 10 in Ice Magic
  5310 | D:7      | Noticed Prince Ribbit
  5321 | D:7      | Killed Prince Ribbit
  5322 | D:7      | Reached skill level 1 in Fighting
  5322 | D:7      | Reached skill level 2 in Dodging
  5322 | D:7      | Reached skill level 1 in Shields
  5322 | D:7      | Reached skill level 1 in Evocations
  5688 | D:7      | Found a glowing silver altar of Zin.
  5931 | D:7      | Reached skill level 2 in Fighting
  5968 | D:7      | Noticed soark's ghost (novice DsCj)
  6000 | D:7      | Found a transporter.
  6001 | D:7      | Found a transporter.
  6037 | D:7      | Noticed Joseph
  6055 | D:7      | Killed Joseph
  6056 | D:7      | Reached skill level 2 in Shields
  6056 | D:7      | Reached skill level 9 in Spellcasting
  6056 | D:7      | Reached skill level 2 in Evocations
  6063 | D:7      | Reached XP level 10. HP: 23/74 MP: 16/23
  6232 | D:7      | Found a staircase to the Ecumenical Temple.
  6239 | Temple   | Entered the Ecumenical Temple
  6239 | Temple   | Found a transporter.
  6239 | Temple   | Found a transporter.
  6241 | Temple   | Found a transporter.
  6241 | Temple   | Found a transporter.
  6273 | Temple   | Became a worshipper of Vehumet
  6413 | D:8      | Reached skill level 3 in Dodging
  6468 | D:8      | Noticed Erica
  6479 | D:8      | Killed Erica
  6480 | D:8      | Reached skill level 3 in Fighting
  6711 | D:8      | Found Wohino's Distillery.
  6720 | D:8      | Bought a potion of curing for 39 gold pieces
  6720 | D:8      | Bought a potion of attraction for 39 gold pieces
  6720 | D:8      | Bought a potion of heal wounds for 65 gold pieces
  6720 | D:8      | Bought 2 potions of flight for 78 gold pieces
  6741 | D:8      | Found a basalt altar of Yredelemnul.
  6853 | D:8      | Reached skill level 3 in Evocations
  6871 | D:8      | Reached skill level 3 in Shields
  7177 | D:8      | Learned a level 1 spell: Apportation
  7205 | D:8      | Identified the +7 spear "Bastreoj" {elec, *Slow rPois rF++
                  | Will+}
  7426 | D:9      | Reached * piety under Vehumet
  7426 | D:9      | Offered knowledge of Shock by Vehumet.
  7470 | D:9      | Noticed a two-headed ogre
  7476 | D:9      | Killed a two-headed ogre
  7477 | D:9      | Reached skill level 4 in Fighting
  7479 | D:9      | Reached skill level 4 in Dodging
  7514 | D:9      | Noticed Harold
  7530 | D:9      | Killed Harold
  7531 | D:9      | Reached skill level 4 in Shields
  7531 | D:9      | Reached skill level 11 in Ice Magic
  7531 | D:9      | Reached skill level 4 in Evocations
  8108 | D:10     | Entered Level 10 of the Dungeon
  8215 | D:10     | Found a sparkling altar of Nemelex Xobeh.
  8401 | D:10     | Noticed a two-headed ogre
  8406 | D:10     | Reached XP level 11. HP: 85/85 MP: 24/24
  8407 | D:10     | Killed a two-headed ogre
  8581 | D:10     | Noticed a two-headed ogre
  8601 | D:10     | Killed a two-headed ogre
  8602 | D:10     | Reached skill level 5 in Fighting
  8742 | D:10     | Found a hazy altar of Hepliaklqana.
  8742 | D:10     | Found an iron altar of Okawaru.
  8743 | D:10     | Found an ancient bone altar of Kikubaaqudgha.
  9027 | D:11     | Noticed Urug
  9041 | D:11     | Reached ** piety under Vehumet
  9041 | D:11     | Offered knowledge of Kiss of Death by Vehumet.
  9059 | D:11     | Killed Urug
  9060 | D:11     | Reached skill level 5 in Dodging
  9060 | D:11     | Reached skill level 5 in Shields
  9217 | D:11     | Found a portal to a secret trove of treasure.
  9247 | D:11     | Reached skill level 5 in Evocations
  9250 | D:11     | Identified the +8 flail of Crystal {heavy, rElec Will-
                  | Str+6 SInv}
  9351 | D:11     | Reached skill level 10 in Spellcasting
  9414 | D:11     | Noticed a tengu warrior
  9427 | D:11     | Killed a tengu warrior
  9602 | D:11     | Reached skill level 6 in Fighting
  9786 | D:11     | Found a staircase to the Lair.
  9922 | D:11     | Noticed a soul eater
  9924 | D:11     | Noticed a two-headed ogre
  9930 | D:11     | Killed a two-headed ogre
  9942 | D:11     | Offered knowledge of Stone Arrow by Vehumet.
  9954 | D:11     | Noticed Fannar
  9983 | D:11     | Killed Fannar
 10111 | D:11     | Reached skill level 6 in Evocations
 10116 | D:11     | Reached skill level 6 in Dodging
 10116 | D:11     | Reached XP level 12. HP: 97/97 MP: 26/26
 10268 | Lair:1   | Entered Level 1 of the Lair of Beasts
 10482 | Lair:1   | Reached *** piety under Vehumet
 10500 | Lair:1   | Learned a level 3 spell: Stone Arrow
 10510 | Lair:1   | Reached skill level 7 in Fighting
 10513 | Lair:1   | Reached skill level 12 in Ice Magic
 10518 | Lair:1   | Noticed Sonja
 10519 | Lair:1   | Sonja changed into Sonja the basilisk
 10519 | Lair:1   | Noticed Sonja
 10538 | Lair:1   | Killed Sonja the basilisk
 10730 | Lair:1   | Reached skill level 1 in Conjurations
 10820 | Lair:1   | Identified the +1 ring mail of Vehumet's Reproof {Str+3}
 10840 | Lair:1   | Offered knowledge of Fulminant Prism by Vehumet.
 11308 | Lair:1   | Learned a level 3 spell: Vampiric Draining
 11528 | Lair:2   | Noticed Gastronok
 11544 | Lair:2   | Killed Gastronok
 11545 | Lair:2   | Reached skill level 2 in Conjurations
 11601 | Lair:2   | Reached skill level 1 in Necromancy
 11629 | Lair:2   | Reached skill level 7 in Evocations
 11639 | Lair:2   | Noticed a death yak
 11760 | Lair:2   | Noticed a death yak
 11760 | Lair:2   | Noticed a death yak
 11777 | Lair:2   | Noticed a death yak
 11781 | Lair:2   | Killed a death yak
 11783 | Lair:2   | Killed a death yak
 11784 | Lair:2   | Reached skill level 2 in Necromancy
 11786 | Lair:2   | Killed a death yak
 11787 | Lair:2   | Reached skill level 3 in Conjurations
 11790 | Lair:2   | Killed a death yak
 11791 | Lair:2   | Reached skill level 8 in Fighting
 11791 | Lair:2   | Reached skill level 11 in Spellcasting
 11802 | Lair:2   | Reached skill level 7 in Dodging
 11957 | Lair:2   | Found a hole to the Spider Nest.
 12515 | Lair:3   | Reached **** piety under Vehumet
 12528 | Lair:3   | Reached XP level 13. HP: 88/107 MP: 22/28
 12614 | Lair:3   | Found a large runed translucent door.
 12614 | Lair:3   | Found a large runed translucent door.
 12616 | Lair:3   | Noticed Votaocegoa's ghost (journeyman GnWn)
 12703 | Lair:3   | Offered knowledge of Kindle Blastsparks by Vehumet.
 12856 | Lair:3   | Found a staircase to the Shoals.
 12918 | Lair:3   | Reached skill level 3 in Necromancy
 13358 | Lair:4   | Reached skill level 6 in Shields
 13588 | Lair:4   | Identified a scroll of acquirement
 13589 | Lair:4   | Acquired the amulet "Opnoner" {RegenMP Fly Regen+}
 13806 | Lair:3   | Reached skill level 4 in Conjurations
 14894 | Lair:5   | Entered Level 5 of the Lair of Beasts
 15021 | Lair:5   | Found a viscous altar of Jiyva.
 15021 | Lair:5   | Found a staircase to the Slime Pits.
 15075 | Lair:5   | Reached skill level 4 in Necromancy
 15075 | Lair:5   | Reached skill level 8 in Evocations
 15272 | Lair:5   | Reached ***** piety under Vehumet
 15288 | Lair:5   | Offered knowledge of Airstrike by Vehumet.
 15299 | Lair:5   | Reached skill level 9 in Fighting
 15332 | Lair:5   | Reached skill level 13 in Ice Magic
 15439 | Lair:5   | Reached skill level 5 in Conjurations
 15810 | Lair:5   | Reached skill level 7 in Shields
 15849 | Lair:5   | Reached skill level 8 in Dodging
 15849 | Lair:5   | Reached XP level 14. HP: 118/118 MP: 29/29
 16381 | D:12     | Identified the +6 falchion of Oweal {flame, Will+ Dex+2
                  | Stlth+}
 16634 | D:12     | Found a runed translucent gate.
 16634 | D:12     | Found a runed translucent gate.
 16635 | D:12     | Found a runed translucent gate.
 16636 | D:12     | Noticed caveywoolpert's ghost (journeyman GrEE)
 16708 | D:12     | Found a staircase to the Orcish Mines.
 16866 | D:12     | Found The Oracle's Delphic Readings.
 16870 | D:12     | Bought a scroll of vulnerability for 44 gold pieces
 17011 | Orc:1    | Entered Level 1 of the Orcish Mines
 17227 | Orc:1    | Reached skill level 5 in Necromancy
 17391 | Orc:2    | Entered Level 2 of the Orcish Mines
 17457 | Orc:2    | Found a dark tunnel.
 17466 | Volcano  | Entered a volcano
 17804 | Orc:2    | Found a staircase to the Elven Halls.
 17963 | Orc:2    | Paralysed by an orc sorcerer for 5 turns
 17976 | Orc:2    | Offered knowledge of Eringya's Noxious Bog by Vehumet.
 18075 | Orc:2    | Found Heek's Distillery.
 18103 | Orc:2    | Bought a potion of degeneration for 13 gold pieces
 18118 | Orc:2    | Found an ancient bone altar of Kikubaaqudgha.
 18123 | Orc:2    | Noticed Nergalle
 18138 | Orc:2    | Killed Nergalle
 18163 | Orc:2    | Found Soekkoesch's Magic Scroll Shoppe.
 18184 | Orc:2    | Gained mutation: Your large and strong wings let you fly.
                  | [a neqoxec]
 18203 | Orc:2    | Bought a scroll of noise for 15 gold pieces
 18204 | Orc:2    | Bought a scroll of identify for 30 gold pieces
 18206 | Orc:2    | Found a radiant altar of Vehumet.
 18235 | Orc:2    | Found Xuoceatom's Jewellery Shoppe.
 18308 | Orc:2    | Found Livischi's Antique Weapon Emporium.
 18354 | Orc:2    | Found Liog's Antique Weapon Emporium.
 18371 | Orc:2    | Noticed Nessos
 18379 | Orc:2    | Nessos changed into Nessos the polar bear
 18379 | Orc:2    | Noticed Nessos
 18392 | Orc:2    | Killed Nessos the polar bear
 18627 | Orc:2    | Bought the ring "Baughegg" {rN+ MP+9 SInv} for 531 gold
                  | pieces
 18737 | D:12     | Bought a scroll of brand weapon for 104 gold pieces
 18964 | D:13     | Noticed Lodul
 18976 | D:13     | Reached skill level 6 in Conjurations
 18977 | D:13     | Killed Lodul
 19016 | D:13     | Reached skill level 9 in Evocations
 19123 | D:13     | Reached skill level 12 in Spellcasting
 19177 | D:13     | Offered knowledge of Conjure Ball Lightning by Vehumet.
 19178 | D:13     | Reached skill level 10 in Fighting
 19225 | D:13     | Reached skill level 8 in Shields
 19225 | D:13     | Reached skill level 6 in Necromancy
 19347 | D:13     | Noticed Frances
 19371 | D:13     | Killed Frances
 19515 | D:13     | Identified the +8 hand axe of Law {flame, rN+ rCorr Dex+3}
 19552 | D:13     | Got the Textbook on Lithomancy and the Sphinx
 19592 | D:13     | Reached skill level 9 in Dodging
 19623 | D:13     | Identified the +1 scale mail "Hachios" {rN+ Regen+ Int+4}
 19639 | D:13     | Reached XP level 15. HP: 127/127 MP: 31/31
 19721 | D:13     | Noticed Erolcha
 19739 | D:13     | Killed Erolcha
 19745 | D:13     | Noticed Jorgrun
 19914 | D:13     | Killed Jorgrun
 20103 | D:13     | Identified the +7 shortbow "Keelisics" {drain, Stlth+}
 20926 | D:14     | Reached skill level 7 in Necromancy
 20982 | D:14     | Noticed Agnes
 20991 | D:14     | Killed Agnes
 21024 | D:14     | Reached skill level 14 in Ice Magic
 21068 | D:14     | Found a gate to the Vaults.
 21245 | D:14     | Learned a level 5 spell: Metabolic Englaciation
 21252 | D:14     | Learned a level 6 spell: Simulacrum
 21304 | D:14     | Reached skill level 10 in Evocations
 21323 | D:14     | Reached skill level 11 in Fighting
 21337 | D:14     | Reached skill level 9 in Shields
 21595 | D:15     | Entered Level 15 of the Dungeon
 21719 | D:15     | Noticed Kirke
 21722 | D:15     | Offered knowledge of Ozocubu's Refrigeration by Vehumet.
 21735 | D:15     | Killed Kirke
 21750 | D:15     | Learned a level 7 spell: Ozocubu's Refrigeration
 21863 | D:15     | Noticed Louise
 21901 | D:15     | Killed Louise
 22065 | D:15     | Found a staircase to the Depths.
 22762 | Spider:1 | Entered Level 1 of the Spider Nest
 22771 | Spider:1 | Reached skill level 8 in Necromancy
 22990 | Spider:1 | Reached skill level 10 in Dodging
 23007 | Spider:1 | Reached XP level 16. HP: 97/138 MP: 32/32
 23289 | Spider:1 | You are sucked into a shaft and drop 1 floor!
 23601 | Spider:1 | Gained mutation: You are frail. (-10% HP) [mutagenic glow]
 23612 | Spider:1 | Gained mutation: You occasionally lose the ability to drink
                  | potions when taking damage. [mutagenic glow]
 23858 | Lair:1   | Lost mutation: You are frail. (-10% HP) [potion of
                  | mutation]
 23858 | Lair:1   | Lost mutation: You occasionally lose the ability to drink
                  | potions when taking damage. [potion of mutation]
 23858 | Lair:1   | Lost mutation: Your large and strong wings let you fly.
                  | [potion of mutation]
 23858 | Lair:1   | Gained mutation: You have a pair of small horns on your
                  | head. [potion of mutation]
 23858 | Lair:1   | Gained mutation: You have hidden genetic defects. [potion
                  | of mutation]
 23858 | Lair:1   | Gained mutation: You have an increased reservoir of magic.
                  | (+10% MP) [potion of mutation]
 24370 | Spider:2 | Offered knowledge of Starburst by Vehumet.
 24539 | Spider:2 | Reached skill level 10 in Shields
 24628 | Spider:2 | Reached skill level 12 in Fighting
 24649 | Spider:3 | Noticed Asterion
 24662 | Spider:3 | Reached skill level 1 in Polearms
 24663 | Spider:3 | Killed Asterion
 24745 | Spider:3 | Reached skill level 11 in Evocations
 24748 | Spider:3 | Lost mutation: You have an increased reservoir of magic.
                  | (+10% MP) [hidden defects]
 25337 | Spider:3 | Reached skill level 2 in Polearms
 25662 | Spider:3 | Reached skill level 9 in Necromancy
 25958 | Spider:4 | Entered Level 4 of the Spider Nest
 26327 | Spider:4 | Gained mutation: Your magical capacity is low. (-10% MP)
                  | [hidden defects]
 26327 | Spider:4 | Lost mutation: You have hidden genetic defects. [hidden
                  | defects expressed]
 26367 | Spider:4 | Reached skill level 15 in Ice Magic
 26381 | Spider:3 | Offered knowledge of Lee's Rapid Deconstruction by Vehumet.
 26382 | Spider:3 | Reached skill level 3 in Polearms
 26595 | Lair:1   | Learned a level 5 spell: Lee's Rapid Deconstruction
 26698 | D:11     | You paid a toll of 5 scrolls of fear to enter a treasure
                  | trove
 26699 | Trove    | Entered a treasure trove
 26707 | Trove    | Identified the ring of Hedonism {Fly rElec rF+++ Str-5
                  | Dex-3}
 26711 | Trove    | Identified the amulet "Vocves" {Faith rC- Str+6 Int+3
                  | Dex+4}
 26716 | Trove    | Identified the ring of Uzeus {+Blink rF+ Int+2}
 26722 | Trove    | Identified the ring of Reraradi {Wiz *Corrode rElec Will+
                  | SInv}
 26725 | Trove    | Identified the amulet "Tepnion" {Reflect rPois SH+5 SInv}
 26728 | Trove    | Identified the ring "Pidakk" {rElec Will+ rCorr Int-2 SInv}
 27007 | Spider:4 | Reached skill level 1 in Earth Magic
 27311 | Spider:4 | Reached skill level 2 in Earth Magic
 27312 | Spider:4 | Reached XP level 17. HP: 50/148 MP: 27/29
 27331 | Spider:4 | Reached skill level 11 in Dodging
 27346 | Spider:4 | Noticed Arachne
 27357 | Spider:4 | HP: 7/148 [poisoned by Arachne (bolt of poison)]
 27628 | Spider:4 | Reached skill level 4 in Polearms
 27744 | Spider:4 | Got a gossamer rune of Zot
 27918 | Spider:4 | Offered knowledge of Iron Shot by Vehumet.
 28145 | Spider:4 | Reached skill level 3 in Earth Magic
 28948 | Elf:1    | Entered Level 1 of the Elven Halls
 29278 | Elf:1    | Reached skill level 13 in Fighting
 29386 | Elf:1    | Noticed Roxanne
 29427 | Elf:1    | Reached skill level 4 in Earth Magic
 29446 | Elf:1    | Noticed Nikola
 29449 | Elf:1    | Reached skill level 10 in Necromancy
 29453 | Elf:1    | Killed Nikola
 29584 | Elf:1    | Found Peledoum's Assorted Antiques.
 29592 | Elf:1    | Bought a scroll of identify for 56 gold pieces
 29601 | Elf:1    | Reached skill level 5 in Polearms
 29683 | Elf:1    | You are sucked into a shaft and drop 1 floor!
 29689 | Elf:2    | Found a runed translucent door.
 29689 | Elf:2    | Found a runed translucent door.
 29707 | Elf:2    | You are sucked into a shaft and drop 1 floor!
 29707 | Elf:3    | Entered Level 3 of the Elven Halls
 29736 | Elf:2    | Found a shimmering blue altar of Sif Muna.
 29741 | Elf:2    | Reached skill level 12 in Evocations
 29765 | Elf:2    | Found a frozen archway.
 29780 | IceCv    | Entered an ice cave
 30253 | IceCv    | Reached ****** piety under Vehumet
 30254 | IceCv    | Reached skill level 5 in Earth Magic
 30396 | IceCv    | Offered knowledge of Fire Storm by Vehumet.
 30396 | IceCv    | Offered knowledge of Polar Vortex by Vehumet.
 30396 | IceCv    | Offered knowledge of Maxwell's Capacitive Coupling by
                  | Vehumet.
 30825 | IceCv    | Noticed an Ice Fiend
 30852 | IceCv    | Killed an Ice Fiend
 31529 | Elf:1    | Noticed a deep elf blademaster
 31531 | Elf:1    | Noticed a deep elf blademaster
 31531 | Elf:1    | Noticed a deep elf blademaster
 31532 | Elf:1    | Noticed Siwul's ghost (veteran DjCj)
 31534 | Elf:1    | Noticed a deep elf blademaster
 31536 | Elf:1    | Found a bloodstained altar of Trog.
 31546 | Elf:1    | Noticed a deep elf blademaster
 31564 | Elf:1    | Found a transporter.
 31567 | Elf:1    | Found a transporter.
 31701 | Elf:1    | Noticed Zenata
 31720 | Elf:1    | Killed Zenata
 31981 | Elf:1    | Killed Roxanne
 31982 | Elf:1    | Reached XP level 18. HP: 158/158 MP: 11/31
 32074 | Elf:2    | Reached skill level 13 in Spellcasting
 32242 | Abyss:3  | Cast into level 3 of the Abyss (+2 scimitar of distortion)
 32279 | Elf:2    | Escaped the Abyss
 32300 | Elf:2    | Reached skill level 6 in Polearms
 32478 | Elf:2    | Reached skill level 6 in Earth Magic
 32831 | Elf:3    | Paralysed by an air elemental for 1 turns
 33584 | Elf:3    | Reached skill level 16 in Ice Magic
 33696 | Elf:3    | Reached skill level 12 in Dodging
 33700 | Elf:3    | Reached skill level 7 in Earth Magic
 33794 | Elf:3    | Identified the ring "Ibazeh" {rF+ rN+ Dex+3}
 33825 | Elf:3    | Reached skill level 14 in Fighting
 33992 | Elf:3    | Identified the +8 halberd "Balyup" {flame, Int-3 Dex+5
                  | SInv}
 33993 | Elf:3    | Identified the ring "Vaced" {rN+ Str+4 SInv}
 34515 | Shoals:1 | Entered Level 1 of the Shoals
 34930 | Shoals:1 | Reached skill level 7 in Polearms
 36428 | Shoals:3 | Noticed Bai Suzhen
 36560 | Shoals:3 | Reached skill level 13 in Evocations
 36637 | Shoals:3 | Killed Bai Suzhen
 36638 | Shoals:3 | Reached skill level 8 in Earth Magic
 36729 | Shoals:3 | Reached XP level 19. HP: 133/168 MP: 5/32
 37339 | Shoals:4 | Entered Level 4 of the Shoals
 37671 | Shoals:4 | Paralysed by an air elemental for 1 turns
 37796 | Shoals:4 | Found a stormy altar of Qazlal.
 37891 | Shoals:4 | Paralysed by an air elemental for 1 turns
 37895 | Shoals:4 | Paralysed by an air elemental for 1 turns
 38089 | Shoals:4 | Reached skill level 15 in Fighting
 38273 | Shoals:4 | Got a barnacled rune of Zot
 39347 | D:12     | Bought a scroll of blinking for 82 gold pieces
 39347 | D:12     | Bought a scroll of teleportation for 33 gold pieces
 39445 | Orc:2    | Bought a scroll of teleportation for 45 gold pieces
 39445 | Orc:2    | Bought a scroll of teleportation for 45 gold pieces
 39543 | Elf:1    | Bought a scroll of teleportation for 84 gold pieces
 39894 | D:7      | Killed soark's ghost
 40082 | Vaults:1 | Entered Level 1 of the Vaults
 40093 | Vaults:1 | Reached skill level 8 in Polearms
 40165 | Vaults:1 | Reached skill level 9 in Earth Magic
 40765 | Vaults:1 | Noticed Aizul
 40770 | Vaults:1 | Reached skill level 11 in Shields
 40771 | Vaults:1 | Killed Aizul
 40773 | Vaults:1 | Noticed Saint Roka
 40813 | Vaults:1 | Killed Saint Roka
 40930 | Vaults:1 | Reached skill level 17 in Ice Magic
 40936 | Vaults:1 | Reached skill level 14 in Spellcasting
 41707 | Vaults:2 | Found a magical portal.
 41714 | WizLab   | Entered Cigotuvi's Fleshworks
 41916 | WizLab   | Reached skill level 16 in Fighting
 42004 | WizLab   | Got the Vellum of the Shapeshifter
 42006 | WizLab   | Got Cigotuvi's Folio of Morbid Reconstruction
 42008 | WizLab   | Got Sif Muna's Dissertation on Alteration
 42029 | WizLab   | Reached XP level 20. HP: 180/180 MP: 34/34
 42207 | WizLab   | Paralysed by a floating eye for 2 turns
 42217 | WizLab   | Paralysed by a floating eye for 2 turns
 42241 | WizLab   | Paralysed by a floating eye for 2 turns
 42274 | WizLab   | Reached skill level 13 in Dodging
 42360 | WizLab   | Found the -2 hat of the Alchemist {rElec rPois rF+ rC+ rN+
                  | Will+ rMut rCorr}
 42417 | WizLab   | Reached skill level 10 in Earth Magic
 42549 | Vaults:2 | Lost mutation: Your magical capacity is low. (-10% MP)
                  | [potion of mutation]
 42549 | Vaults:2 | Lost mutation: You have a pair of small horns on your head.
                  | [potion of mutation]
 42549 | Vaults:2 | Gained mutation: You are frail. (-10% HP) [potion of
                  | mutation]
 42549 | Vaults:2 | Gained mutation: You have a pair of small horns on your
                  | head. [potion of mutation]
 42549 | Vaults:2 | Gained mutation: Your body sometimes deteriorates upon
                  | taking damage. [potion of mutation]
 42550 | Vaults:2 | Lost mutation: You have a pair of small horns on your head.
                  | [potion of mutation]
 42550 | Vaults:2 | Lost mutation: You are frail. (-10% HP) [potion of
                  | mutation]
 42550 | Vaults:2 | Gained mutation: You are strong-willed. (Will+) [potion of
                  | mutation]
 42550 | Vaults:2 | Gained mutation: Your body often deteriorates upon taking
                  | damage. [potion of mutation]
 42550 | Vaults:2 | Gained mutation: You passively dampen the noise of your
                  | surroundings. [potion of mutation]
 42550 | Vaults:2 | Gained mutation: You expend magic power (3 MP) to
                  | strengthen your wands. [potion of mutation]
 42551 | Vaults:2 | Lost mutation: Your body often deteriorates upon taking
                  | damage. [potion of mutation]
 42551 | Vaults:2 | Lost mutation: You expend magic power (3 MP) to strengthen
                  | your wands. [potion of mutation]
 42551 | Vaults:2 | Gained mutation: Your flesh is heat resistant. (rF+)
                  | [potion of mutation]
 42551 | Vaults:2 | Gained mutation: You occasionally lose the ability to drink
                  | potions when taking damage. [potion of mutation]
 42551 | Vaults:2 | Gained mutation: You are agile. (Dex +4, Str/Int -1)
                  | [potion of mutation]
 42552 | Vaults:2 | Lost mutation: You occasionally lose the ability to drink
                  | potions when taking damage. [potion of mutation]
 42552 | Vaults:2 | Lost mutation: You passively dampen the noise of your
                  | surroundings. [potion of mutation]
 42552 | Vaults:2 | Lost mutation: Your body sometimes deteriorates upon taking
                  | damage. [potion of mutation]
 42552 | Vaults:2 | Gained mutation: You are somewhat resistant to further
                  | mutation. [potion of mutation]
 42552 | Vaults:2 | Gained mutation: You are somewhat resistant to both further
                  | mutation and mutation removal. [potion of mutation]
 42632 | Vaults:1 | Reached skill level 9 in Polearms
 43403 | Vaults:2 | Reached skill level 14 in Evocations
 44446 | Vaults:3 | Reached skill level 17 in Fighting
 44446 | Vaults:3 | Reached skill level 18 in Ice Magic
 44474 | Vaults:3 | Reached skill level 12 in Shields
 44754 | Vaults:3 | Reached skill level 10 in Polearms
 45039 | Vaults:3 | Identified the +1 dagger of the Brain {vamp, rC+}
 45200 | Vaults:3 | Reached XP level 21. HP: 130/193 MP: 31/39
 45314 | Vaults:3 | Found Wocuereps's General Store.
 45319 | Vaults:3 | Bought a potion of resistance for 120 gold pieces
 45319 | Vaults:3 | Bought a potion of berserk rage for 60 gold pieces
 45624 | Vaults:3 | Found a staircase to the Crypt.
 45973 | Vaults:4 | Reached skill level 18 in Fighting
 46171 | Vaults:4 | Learned a level 5 spell: Borgnjor's Vile Clutch
 46177 | Vaults:4 | Learned a level 5 spell: Freezing Cloud
 46549 | Vaults:4 | Reached skill level 15 in Spellcasting
 46591 | Vaults:4 | Found Huffoll's Magic Scroll Shop.
 46708 | Vaults:4 | Reached skill level 19 in Ice Magic
 47131 | Vaults:4 | Reached skill level 15 in Evocations
 47225 | Vaults:5 | Entered Level 5 of the Vaults
 47231 | Vaults:5 | Reached skill level 13 in Shields
 47232 | Vaults:5 | Reached skill level 11 in Polearms
 47251 | Vaults:5 | Reached skill level 19 in Fighting
 48048 | Vaults:5 | Identified the ring "Celosel" {Fly Will+}
 48052 | Vaults:5 | Identified the +8 long sword of the Skies Above {elec,
                  | Str+2}
 48194 | Vaults:5 | Identified the +3 dagger "Ceshehon" {freeze, Str+6 Int-3}
 48240 | Vaults:5 | Noticed Margery
 48245 | Vaults:5 | Killed Margery
 48250 | Vaults:5 | Noticed a golden dragon
 48254 | Vaults:5 | Reached XP level 22. HP: 197/206 MP: 14/41
 48255 | Vaults:5 | Reached skill level 20 in Ice Magic
 48294 | Vaults:5 | Killed a golden dragon
 48513 | Vaults:5 | Found Feephoco's Distillery.
 48519 | Vaults:5 | Bought a potion of heal wounds for 85 gold pieces
 48519 | Vaults:5 | Bought a potion of heal wounds for 85 gold pieces
 48519 | Vaults:5 | Bought a potion of heal wounds for 85 gold pieces
 48519 | Vaults:5 | Bought 2 potions of heal wounds for 170 gold pieces
 48519 | Vaults:5 | Bought a potion of haste for 170 gold pieces
 48779 | Vaults:5 | Got a silver rune of Zot
 48806 | Vaults:5 | Reached skill level 12 in Polearms
 49125 | Vaults:5 | Identified the +4 chain mail of Wosafiu {rF- rCorr SInv}
 49478 | Vaults:5 | Reached skill level 20 in Fighting
 49733 | Lair:1   | Learned a level 9 spell: Polar Vortex
 49905 | Depths:1 | Entered Level 1 of the Depths
 50071 | Depths:1 | Reached skill level 14 in Shields
 50498 | Depths:1 | Found the +10 dark maul {heavy}
 50560 | Depths:1 | Reached skill level 16 in Spellcasting
 51376 | Depths:1 | Found a gateway to Hell.
 52095 | Depths:2 | Reached skill level 13 in Polearms
 52235 | Depths:2 | Found a one-way gateway to a ziggurat.
 52406 | Depths:2 | Found a sacrificial altar of Ru.
 52565 | Depths:2 | Found a one-way gate leading to the halls of Pandemonium.
 52573 | Depths:2 | Reached XP level 23. HP: 209/217 MP: 43/43
 53116 | Depths:3 | Reached skill level 21 in Ice Magic
 53433 | Depths:3 | Noticed a caustic shrike
 53483 | Depths:3 | Reached skill level 15 in Shields
 53736 | Depths:3 | Found an opulent altar of Gozag.
 53943 | Depths:3 | Noticed a caustic shrike
 53947 | Depths:3 | Killed a caustic shrike
 53948 | Depths:3 | Reached skill level 21 in Fighting
 53955 | Depths:3 | Noticed an ancient lich
 53984 | Depths:3 | Killed an ancient lich
 54021 | Depths:3 | Killed a caustic shrike
 54588 | Depths:3 | Found a one-way gate to the infinite horrors of the Abyss.
 54719 | Depths:3 | Noticed a juggernaut
 54743 | Depths:3 | Killed a juggernaut
 54886 | Depths:3 | Noticed a juggernaut
 54913 | Depths:3 | Killed a juggernaut
 55746 | Depths:4 | Entered Level 4 of the Depths
 55829 | Depths:4 | Reached skill level 17 in Spellcasting
 55870 | Depths:4 | Reached skill level 14 in Polearms
 56040 | Depths:4 | Noticed Boris
 56068 | Depths:4 | Noticed Vv
 56133 | Depths:3 | Killed Boris
 56219 | Depths:4 | Noticed a juggernaut
 56286 | Depths:4 | Killed a juggernaut
 56517 | Depths:4 | Found a gate to the Realm of Zot.
 56577 | Depths:4 | Killed Vv
 56828 | Depths:4 | Found a hide-covered altar of Uskayaw.
 57312 | Slime:1  | Entered Level 1 of the Pits of Slime
 57317 | Slime:1  | Reached skill level 22 in Ice Magic
 57325 | Slime:1  | Gained mutation: You are occasionally teleported next to
                  | monsters. [a shining eye]
 57327 | Slime:1  | Reached XP level 24. HP: 226/228 MP: 19/44
 57491 | Lair:1   | Lost mutation: Your flesh is heat resistant. (rF+) [potion
                  | of mutation]
 57491 | Lair:1   | Lost mutation: You are occasionally teleported next to
                  | monsters. [potion of mutation]
 57491 | Lair:1   | Gained mutation: Your body sometimes deteriorates upon
                  | taking damage. [potion of mutation]
 57867 | Slime:5  | Entered Level 5 of the Pits of Slime
 57934 | Slime:5  | Found a viscous altar of Jiyva.
 57934 | Slime:5  | Noticed the Royal Jelly
 57941 | Slime:5  | Killed the Royal Jelly
 57942 | Slime:5  | Reached skill level 14 in Dodging
 57942 | Slime:5  | Reached skill level 16 in Shields
 58149 | Slime:5  | Identified the +6 war axe of Baescheh {venom, rN+ Will+
                  | Int+4}
 58210 | Slime:5  | Got a slimy rune of Zot
 58212 | Slime:5  | Got Onengoucw's Incunable of Embers and Power
 58240 | Slime:5  | Identified the +6 quarterstaff of the Middle {freeze,
                  | rPois}
 58639 | D:12     | Killed caveywoolpert's ghost
 58920 | Lair:3   | Killed Votaocegoa's ghost
 59382 | Elf:1    | Killed Siwul's ghost
 59642 | Crypt:1  | Entered Level 1 of the Crypt
 60108 | Crypt:1  | Identified the +4 battleaxe "Janwev" {vamp, Will+ rCorr
                  | Int+2}
 60706 | Crypt:2  | Found a transporter.
 60804 | Crypt:2  | Reached skill level 23 in Ice Magic
 61061 | Crypt:2  | Found a transporter.
 61205 | Crypt:2  | Identified the +6 falchion of the Hall of Blades {heavy,
                  | Contam Fly rF+ Int+2}
 61337 | Crypt:2  | Noticed a dread lich
 61347 | Crypt:2  | Noticed a dread lich
 61527 | Crypt:2  | Paralysed by a dread lich for 4 turns
 61745 | Crypt:2  | Reached skill level 18 in Spellcasting
 62179 | Crypt:2  | Killed a dread lich
 62190 | Crypt:2  | HP: 7/227 [vampire knight/+0 bardiche (30)]
 62192 | Crypt:3  | Entered Level 3 of the Crypt
 62192 | Crypt:3  | Found a staircase to the Tomb.
 62647 | Crypt:2  | Killed a dread lich
 62740 | Crypt:2  | Identified the amulet of Cuetaxuu {Spirit Int+2 Stlth+}
 62750 | Crypt:2  | Identified the ring "Ivieho" {rElec rPois Will+}
 62767 | Crypt:2  | Identified the +8 war axe "Tucaz" {speed, SInv}
 62888 | Crypt:2  | Reached XP level 25. HP: 69/235 MP: 36/45
 63024 | Crypt:3  | Reached skill level 15 in Dodging
 63026 | Crypt:3  | Reached skill level 17 in Shields
 63356 | Crypt:3  | Noticed a dread lich
 63471 | Crypt:3  | Killed a dread lich
 63534 | Crypt:3  | Noticed a dread lich
 63542 | Crypt:3  | Killed a dread lich
 63638 | Crypt:3  | Identified the +0 short sword "Miarum" {freeze, rN+}
 63640 | Crypt:3  | Identified the ring "Zeorucva" {rElec rF+ Dex-2 SInv}
 63650 | Crypt:3  | Identified the ring of Ryusum {rN+ Str+5}
 63650 | Crypt:3  | Identified the ring of Yjuipn {rN+ Int+3}
 63650 | Crypt:3  | Identified the ring of the Establishment {rElec rN+ rCorr
                  | Int+2 Dex+5}
 63651 | Crypt:3  | Identified the +10 great mace of the Kissing Gods {heavy,
                  | rPois}
 63652 | Crypt:3  | Identified the +0 demon trident "Earthworm" {freeze, rC+
                  | Will- Int+9 SInv}
 63971 | Zot:1    | Entered Level 1 of the Realm of Zot
 64280 | Zot:1    | Reached skill level 24 in Ice Magic
 65125 | Zot:1    | Found a runed translucent gate.
 65125 | Zot:1    | Found a runed translucent gate.
 65125 | Zot:1    | Found a runed translucent gate.
 65126 | Zot:1    | Noticed surr's ghost (master HOFE)
 65127 | Zot:1    | Noticed FlatIsJustice's ghost (legendary TeAE)
 66072 | Zot:2    | Noticed an orb of fire
 66083 | Zot:2    | Killed an orb of fire
 66164 | Zot:2    | Reached skill level 19 in Spellcasting
 66167 | Zot:2    | Reached skill level 18 in Shields
 66552 | Zot:3    | You are sucked into a shaft and drop 1 floor!
 66719 | Zot:3    | Reached skill level 25 in Ice Magic
 67170 | Zot:4    | Noticed a Killer Klown
 67174 | Zot:4    | Killed a Killer Klown
 67178 | Zot:4    | Reached XP level 26. HP: 234/244 MP: 44/46
 67761 | Zot:5    | Entered Level 5 of the Realm of Zot
 67767 | Zot:5    | Reached skill level 26 in Ice Magic
 67871 | Zot:5    | Noticed an orb of fire
 67873 | Zot:5    | Noticed an orb of fire
 67875 | Zot:5    | Noticed an ancient lich
 67893 | Zot:5    | Noticed an orb of fire
 67895 | Zot:5    | Noticed an orb of fire
 67914 | Zot:4    | Killed an orb of fire
 67928 | Zot:4    | Killed an orb of fire
 68060 | Zot:5    | Noticed an orb of fire
 68070 | Zot:5    | Noticed an ancient lich
 68083 | Zot:4    | Killed an orb of fire
 68087 | Zot:4    | Killed an orb of fire
 68213 | Zot:4    | Killed an orb of fire
 68224 | Zot:5    | Noticed an ancient lich
 68230 | Zot:5    | Reached skill level 27 in Ice Magic
 68241 | Zot:4    | Killed an ancient lich
 68247 | Zot:4    | Killed an ancient lich
 68253 | Zot:4    | Killed an ancient lich
 68410 | Zot:5    | Found a shimmering altar of Xom.
 68711 | Zot:5    | Acquired 903 gold pieces
 69080 | Zot:5    | Got the Orb of Zot
 69328 | Depths:3 | Reached skill level 11 in Earth Magic
 69479 | D:11     | Noticed Juanelun the pandemonium lord
 69521 | D:11     | Killed Juanelun the pandemonium lord
 69685 | D:9      | Noticed Exzeocov the pandemonium lord
 70008 | D:1      | Lost mutation: Your body sometimes deteriorates upon taking
                  | damage. [potion of mutation]
 70008 | D:1      | Lost mutation: You are strong-willed. (Will+) [potion of
                  | mutation]
 70008 | D:1      | Lost mutation: You are somewhat resistant to both further
                  | mutation and mutation removal. [potion of mutation]
 70009 | D:1      | Lost mutation: You are agile. (Dex +4, Str/Int -1) [potion
                  | of mutation]
 70009 | D:1      | Lost mutation: You are somewhat resistant to further
                  | mutation. [potion of mutation]
 70009 | D:1      | Gained mutation: You occasionally shout uncontrollably at
                  | your foes. [potion of mutation]
 70009 | D:1      | Gained mutation: You have sharp toenails. [potion of
                  | mutation]
 70010 | D:1      | Lost mutation: You have sharp toenails. [potion of
                  | mutation]
 70010 | D:1      | Lost mutation: You occasionally shout uncontrollably at
                  | your foes. [potion of mutation]
 70010 | D:1      | Gained mutation: You have sharp fingernails. [potion of
                  | mutation]
 70010 | D:1      | Gained mutation: You have an increased reservoir of magic.
                  | (+10% MP) [potion of mutation]
 70011 | D:1      | Lost mutation: You have sharp fingernails. [potion of
                  | mutation]
 70011 | D:1      | Lost mutation: You have an increased reservoir of magic.
                  | (+10% MP) [potion of mutation]
 70011 | D:1      | Gained mutation: You occasionally lose the ability to drink
                  | potions when taking damage. [potion of mutation]
 70012 | D:1      | Lost mutation: You occasionally lose the ability to drink
                  | potions when taking damage. [potion of mutation]
 70012 | D:1      | Gained mutation: Your large and strong wings let you fly.
                  | [potion of mutation]
 70013 | D:1      | Lost mutation: Your large and strong wings let you fly.
                  | [potion of mutation]
 70013 | D:1      | Gained mutation: Your natural rate of healing is unusually
                  | fast. [potion of mutation]
 70013 | D:1      | Gained mutation: You are agile. (Dex +4, Str/Int -1)
                  | [potion of mutation]
 70013 | D:1      | Gained mutation: You have hidden genetic potential. [potion
                  | of mutation]
 70020 | D:$      | Escaped with the Orb!

Illustrated notes

Levels and vault maps discovered:
D:1:      dpeg_arrival_ratfight, layout_basic, hangedman_decor_clover_reticule
D:2:      minmay_roachtagon, layout_loops_cross, chequers_hall_statues_corner_a
D:3:      layout_loops_ring, nicolae_dithmenos_the_darkroom
D:4:      layout_loops_cross, old_standard_altar, portal_sewer_entry_f
D:5:      layout_loops_ring, mainiacjoe_overflow_six_doors_small,
          kennysheep_cluttered_room, minmay_between, uniq_pikel
D:6:      layout_basic, uniq_eustachio
D:7:      layout_loops_ring, mainiacjoe_overflow_concentric_impassable,
          minmay_temple_entry_arrows, gammafunk_ghost_hive, uniq_joseph,
          uniq_prince_ribbit1
D:8:      minmay_weird_star, layout_basic, mainiacjoe_overflow_paths,
          serial_shops, shop, uniq_erica
D:9:      layout_roguey, uniq_harold
D:10:     layout_loops_cross, amcnicky_altar_gilded, grunt_temple_overflow_open,
          nicolae_twisting_strands
D:11:     layout_irregular_city, erik_lair_dragon, enter_trove_6,
          amcnicky_mini_rare_corridor_liquid, grunt_livestock,
          lemuel_nasty_fountain, uniq_urug, uniq_fannar
D:12:     layout_rooms, orc_0_dummy, serial_glass, glass_columns_a,
          glass_columns_c, gammafunk_ghost_necromancy,
          nicolae_nh_oracle_at_delphi
D:13:     hangedman_cross_cluster, layout_basic, minmay_misc_feat_square,
          uniq_lodul, uniq_erolcha, uniq_jorgrun, uniq_frances
D:14:     layout_loops_cross, david_vaults_5, chequers_avenue, minivault_8,
          uniq_agnes
D:15:     hangedman_depths_entry_try_elsewhere_first, layout_loops_ring,
          corexii_leaking_fountain, minivault_16, uniq_kirke, uniq_louise
Temple:   hellmonk_temple_divided_pantheon
Lair:1:   layout_hall_layers, beast_lair_carwin_1, uniq_sonja
Lair:2:   layout_loops_ring, dummy_spider_entry, small_statue_intersection,
          uniq_gastronok
Lair:3:   layout_cave_pods, elwin_shoals_entry_rooms,
          ebering_ghost_disaster_area, dreamdust_wasp_nest
Lair:4:   layout_small_grid
Lair:5:   minmay_lair_end_enchanted_forest, layout_misc_corridors,
          nicolae_slime_entry_slimehenge, wad_woods_river_01
Shoals:1: layout_shoals, nicolae_shoals_mertower
Shoals:2: layout_shoals
Shoals:3: layout_shoals, uniq_bai_suzhen
Shoals:4: shoals_end_hellmonk_storm_palace [storm_palace_center_ruins,
          storm_palace_corner_narrow, storm_palace_corner_pillars,
          storm_palace_corner_reverse_hut, storm_palace_corner_altar]
Spider:1: layout_spider_delve, nicolae_spider_some_kinda_spiderbox
Spider:2: layout_spider_delve, drop_trap
Spider:3: layout_chambers, uniq_asterion
Spider:4: johnstein_spider_rune_arachne_lair, drop_trap
Slime:1:  layout_caves
Slime:2:  cheibrodos_slime_lost_civilization_3, layout_caves
Slime:3:  layout_caves
Slime:4:  layout_caves
Slime:5
Orc:1:    layout_caves
Orc:2:    kennysheep_orc_mage_school, layout_diamond_mine,
          nicolae_volcano_entry_batcave, serial_shops,
          nicolae_shop_overgrown_old_shop, uniq_nessos
Elf:1:    eino_elf_arrival_the_gate, layout_loops_cross,
          gammafunk_ghost_wrathful_warriors, serial_shops, nicolae_square_shop,
          minivault_28, minmay_misc_feat_cross, uniq_zenata, uniq_nikola,
          uniq_roxanne
Elf:2:    nicolae_elf_blades_splatter_lattice
          [nicolae_blade_entry_splitting_headache], layout_geoelf_grid,
          portal_ice_cave_entry_frozen_things, basic_altar
Elf:3:    elf_hall, layout_loops_cross
Vaults:1: st_star, nicolae_vaults_triangles, grunt_vaults_bifocal,
          ontoclasm_vaults_chip, ontoclasm_vaults_twist,
          hangedman_vaults_restitches, grunt_vaults_swirl, vaults_room_corners,
          grunt_vaults_funnel, layout_vaults_omnicross, uniq_saint_roka,
          uniq_aizul
Vaults:2: mu_enter_wizlab_1, v_rooms_6, nicolae_vaults_mini_display_case,
          v_pattern_5, serial_ice_h, nicolae_vaults_ninety_degrees,
          vaults_mumra_lcd, st_smaller_cells, dpeg_vaults_monster_box,
          layout_vaults_chaotic_city
Vaults:3: vaults_mumra_chevron, v_alt_pattern_2, nicolae_vaults_network_quincunx
          [nicolae_vaults_network_quincunx_subvault,
          nicolae_vaults_network_quincunx_subvault,
          nicolae_vaults_network_quincunx_subvault,
          nicolae_vaults_network_quincunx_subvault,
          nicolae_vaults_network_quincunx_subvault], hangedman_vaults_corner,
          minmay_crypt_entry_simple_corners, ontoclasm_vaults_echo, v_pattern_3,
          v_misc_28, v_misc_16, nicolae_vaults_little_ls, v_misc_26,
          v_alt_pattern_1, ontoclasm_vaults_gateway, layout_vaults_omnibox,
          serial_shops, shop
Vaults:4: vaults_dpeg_ring, hangedman_vaults_slice, vaults_room_mumra_shop_pool,
          grunt_vaults_diagonal, ontoclasm_vaults_tryst,
          nicolae_vaults_little_squares_2, nicolae_vaults_circle_grid_b,
          special_room_vaults [special_room_orc], ontoclasm_vaults_ring_square,
          layout_vaults_omnigrid
Vaults:5: serial_shops, uniq_margery
Crypt:1:  layout_misc_corridors, grunt_megastairs_3
Crypt:2:  gammafunk_dig_for_victory, layout_misc_corridors, serial_glass,
          glass_columns_c, glass_columns_b, glass_columns_a, glass_columns_a,
          glass_columns_a, glass_columns_c, glass_columns_a, glass_columns_a,
          glass_columns_a, glass_columns_c, glass_columns_c, glass_columns_a,
          glass_columns_a, glass_columns_a, minmay_strange_pillars,
          due_unseen_surprise, grunt_ministairs_14
Crypt:3:  david_glass_crypt, layout_rooms, nicolae_tomb_entry_grand_gallery
Depths:1: minmay_skeleton_keep, layout_honeycomb, pf_hell_entry_tar_spiral,
          nicolae_kite_square_tiling_tiny, minmay_evil_grid
Depths:2: dreamdust_isle_of_ice, layout_honeycomb, enter_ziggurat_a,
          rand_demon_pan_entry_7, hell_entry, roderic_lattice_a,
          nicolae_ru_sacrificial_ziggurat, nicolae_triple_integral,
          infiniplex_staircase_pillars_2
Depths:3: minmay_central_circle, layout_long_grid, grunt_hell_entry_dis_mu,
          marbit_kobold_abyss_entry,
          nicolae_gozag_cash_rules_everything_around_me
Depths:4: grunt_zot_entry_bicorn, layout_cave_pools,
          nicolae_uskayaw_murder_on_the_dancefloor, hellmouth_1, uniq_vv,
          uniq_boris
Zot:1:    layout_gridlike, gammafunk_ghost_cemetery
Zot:2:    lemuel_firehouse, layout_concentric_octagons
Zot:3:    layout_basic
Zot:4:    layout_onion_interference
Zot:5:    layout_gridlike, basic_altar, grunt_ministairs_3, bh_zot_lava_cross,
          hangedman_zot_decor_checkerboard

Skill      XL: |  1  2  3  4  5  6  7  8  9 10 11 12 13 14 15 16 17 18 19 20 21 22 23 24 25 26 |
---------------+-------------------------------------------------------------------------------+-----
Spellcasting   | 3 4 5 6 7 9 10 11 12 13 14 15 16 17 18 19 | 19.3
Ice Magic      | 5 6 8 9 10 11 12 13 14 15 16 17 18 19 20 22 23 25 27 | 27.0
Fighting       | 2 4 6 8 9 10 11 12 13 14 16 17 19 20 21 | 21.4
Dodging        | 2 4 6 7 8 9 10 11 12 13 14 15 | 15.4
Shields        | 2 4 5 7 8 9 10 11 12 13 14 15 16 18 | 18.4
Evocations     | 2 4 6 7 8 9 10 11 12 13 14 15 | 15.5
Conjurations   | 3 5 6 |  6.0
Necromancy     | 2 4 6 8 9 10 | 10.0
Polearms       | 3 5 7 8 10 11 13 14 | 14.0
Earth Magic    | 2 5 8 9 10 11 | 11.1
Stealth        | |  1.7

Action                     |  1- 3 |  4- 6 |  7- 9 | 10-12 | 13-15 | 16-18 | 19-21 | 22-24 | 25-27 || total
---------------------------+-------+-------+-------+-------+-------+-------+-------+-------+-------++-------
  Melee: Unarmed           |    21 |       |       |       |       |       |       |       |       ||    21
         Tailslap          |     5 |     3 |     3 |    19 |   197 |   197 |   266 |   634 |   259 ||  1583
         Trident           |     2 |    32 |    65 |       |       |       |       |       |       ||    99
         Spear             |       |       |       |   176 |  1146 |  1103 |  1086 |  1120 |       ||  4631
         Flail             |       |       |       |     2 |       |       |       |       |       ||     2
         Headbutt          |       |       |       |       |       |   240 |   123 |       |       ||   363
         Demon trident     |       |       |       |       |       |       |       |  1160 |  1140 ||  2300
  Throw: Dart              |       |       |       |     6 |     6 |       |       |       |       ||    12
   Cast: Freeze            |    62 |    68 |   208 |   286 |   284 |     3 |       |       |       ||   911
         Frozen Ramparts   |     1 |     4 |     8 |    43 |    98 |    40 |     7 |       |       ||   201
         Ozocubu's Armour  |       |       |     4 |    20 |    45 |    26 |     8 |       |       ||   103
         Apportation       |       |       |       |    10 |       |     2 |     4 |       |       ||    16
         Summon Ice Beast  |       |       |       |    16 |    24 |    19 |       |       |       ||    59
         Vampiric Draining |       |       |       |     6 |   102 |     8 |       |       |       ||   116
         Stone Arrow       |       |       |       |       |     3 |       |       |       |       ||     3
         Ozocubu's Refrige |       |       |       |       |     7 |   301 |   534 |   300 |   111 ||  1253
         Simulacrum        |       |       |       |       |       |     2 |       |       |       ||     2
         Lee's Rapid Decon |       |       |       |       |       |   100 |    11 |    50 |    39 ||   200
         Borgnjor's Vile C |       |       |       |       |       |       |     7 |   212 |    30 ||   249
         Freezing Cloud    |       |       |       |       |       |       |     1 |       |       ||     1
         Polar Vortex      |       |       |       |       |       |       |       |       |    50 ||    50
         Metabolic Englaci |       |       |       |       |       |       |       |       |     1 ||     1
  Evoke: Wand              |       |       |       |     4 |     3 |    14 |     6 |     9 |     1 ||    37
         Phantom mirror    |       |       |       |       |       |     2 |     1 |       |       ||     3
         Box of beasts     |       |       |       |       |       |     1 |     2 |       |       ||     3
         Tin of tremorston |       |       |       |       |       |     2 |     2 |       |       ||     4
         Condenser vane    |       |       |       |       |       |       |     1 |       |       ||     1
    Use: Scroll            |       |       |       |     6 |    12 |    21 |     2 |    26 |     1 ||    68
         Potion            |       |       |       |       |     2 |     6 |     5 |     5 |    12 ||    30
   Stab: Sleeping          |       |     6 |     3 |     2 |    15 |     6 |     4 |    15 |     2 ||    53
         Distracted        |       |     1 |       |     2 |     2 |     2 |     3 |     1 |     3 ||    14
 Armour: Skin              |    22 |    21 |   118 |   207 |   864 |   746 |   240 |   440 |   131 ||  2789
  Dodge: Dodged            |    40 |    26 |   141 |   203 |  1023 |   833 |   402 |   806 |   420 ||  3894
  Block: Buckler           |       |       |     9 |    72 |   118 |       |       |       |       ||   199
         Kite shield       |       |       |       |       |   711 |   703 |       |       |       ||  1414
         Tower shield      |       |       |       |       |       |   191 |   788 |  1915 |   912 ||  3806

Table legend: (Time is in decaauts)
 A = Elapsed time spent in this place.
 B = Non-inter-level travel time spent in this place.
 C = Inter-level travel time spent in this place.
 D = Time resting spent in this place.
 E = Time spent auto-exploring this place.
 F = Levels seen in this place.
 G = Mean time per level.
                   A        B        C        D        E       F      G
               +--------+--------+--------+--------+--------+-----+--------+
         Total |  69787 |  58935 |  10852 |   9772 |  29968 |  62 | 1125.6 |
       Dungeon |  18773 |  14227 |   4546 |   1929 |   8344 |  15 | 1251.5 |
        Temple |     51 |     43 |      8 |      0 |      0 |   1 |   51.0 |
          Lair |   7675 |   5430 |   2245 |    310 |   3413 |   5 | 1535.0 |
        Shoals |   4165 |   3672 |    493 |    412 |   2076 |   4 | 1041.2 |
   Spider Nest |   5607 |   5142 |    465 |   1423 |   2298 |   4 | 1401.8 |
    Slime Pits |    709 |    622 |     87 |    239 |     35 |   5 |  141.8 |
  Orcish Mines |   1945 |   1563 |    382 |    197 |    811 |   2 |  972.5 |
   Elven Halls |   3968 |   3660 |    308 |    915 |   1555 |   3 | 1322.7 |
        Vaults |   8173 |   7385 |    788 |   1175 |   3923 |   5 | 1634.6 |
         Crypt |   3921 |   3365 |    556 |    949 |   1130 |   3 | 1307.0 |
        Depths |   6744 |   6095 |    649 |   1357 |   2700 |   4 | 1686.0 |
           Zot |   4913 |   4593 |    320 |    352 |   2786 |   5 |  982.6 |
         Abyss |     36 |     36 |      0 |     23 |      4 |   1 |   36.0 |
         Trove |     38 |     38 |      0 |      0 |      2 |   1 |   38.0 |
         Sewer |    481 |    481 |      0 |      0 |    334 |   1 |  481.0 |
      Ice Cave |   1506 |   1506 |      0 |    423 |    499 |   1 | 1506.0 |
       Volcano |    260 |    260 |      0 |      0 |     56 |   1 |  260.0 |
        Wizlab |    815 |    815 |      0 |     64 |      0 |   1 |  815.0 |
               +--------+--------+--------+--------+--------+-----+--------+

Top non-repeatable levels by time:
    D:11: 3656 daAuts
  Lair:1: 2705 daAuts
Depths:2: 2078 daAuts
 Crypt:2: 2062 daAuts
Spider:4: 2003 daAuts
Depths:3: 1842 daAuts
Vaults:2: 1796 daAuts
Vaults:1: 1759 daAuts
Vaults:5: 1727 daAuts
Depths:1: 1692 daAuts
    D:14: 1664 daAuts
Spider:3: 1602 daAuts
Vaults:3: 1564 daAuts
   Elf:1: 1556 daAuts
   IceCv: 1506 daAuts
